[Event "Titled Tuesday Blitz January 03 Early 2023"]
[White "Babikov, Ivan"]
[Black "Kvaloy, Aksel Bu"]
[WhiteFideId "4161106"]
[BlackFideId "1528815"]
[WhiteElo "2239"]
[BlackElo "2321"]
[Result "1/2-1/2"]
[Round "06"]
[TimeControl "180+2"]
[Date "2023.01.03"]
[WhiteClock "0:00:38"]
[BlackClock "0:00:27"]

1. d4 Nf6 2. Bg5 c5 3. e3 cxd4 4. exd4 Qa5+ 5. Qd2 Qxd2+ 6. Nxd2 e6 7. c3 d5 8. Ngf3 Bd6 9. Bd3 Nbd7 10. O-O Rb8 11. a4 O-O 12. Rfe1 h6 13. Bh4 a6 14. Ne5 Be7 15. Bg3 Ra8 16. a5 Nxe5 17. Bxe5 Nd7 18. Bg3 h5 19. h3 h4 20. Bh2 Re8 21. Nf3 Nf8 22. Ne5 g5 23. b4 Kg7 24. Bc2 f6 25. Nd3 Bd7 26. Nc5 Bxc5 27. bxc5 Bc6 28. Bd6 Ng6 29. Re2 Bb5 30. Re3 Nh8 31. Rae1 Bd7 32. Rb1 Bc6 33. Rbe1 Kf7 34. Rb1 Ng6 35. Rbe1 f5 36. Rb1 Kf6 37. Be5+ Kf7 38. Bd6 Bb5 39. Bd3 Bc6 40. Bc2 1/2-1/2


[Site "https://www.chess.com"]

[Event "Titled Tuesday Blitz January 03 Early 2023"]
[White "Ovezdurdyyeva, Jemal"]
[Black "Lehtosaari, Mauri"]
[WhiteFideId "14001888"]
[BlackFideId "501999"]
[WhiteElo "2078"]
[BlackElo "2176"]
[Result "1-0"]
[Round "06"]
[TimeControl "180+2"]
[Date "2023.01.03"]
[WhiteClock "0:00:11"]
[BlackClock "0:00:05"]

1. e4 c5 2. Nf3 e6 3. c3 Nf6 4. Bd3 b6 5. O-O Bb7 6. Re1 d5 7. exd5 Qxd5 8. Bc2 Be7 9. d4 O-O 10. Bg5 Nbd7 11. Na3 cxd4 12. cxd4 Rac8 13. Qd3 g6 14. Bb3 Qf5 15. Qxf5 gxf5 16. Ne5 Rfd8 17. Nxd7 Rxd7 18. Rxe6 fxe6 19. Bxe6+ Kg7 20. Bxd7 Rd8 21. Bxf5 Rxd4 22. Re1 Bd8 23. h3 h6 24. Be3 Rd5 25. Bc2 Rd7 26. Nb5 a6 27. Nd4 b5 28. Bf5 Re7 29. Ne6+ Rxe6 30. Bxe6 Ba5 31. Rd1 Be4 32. Bd4 Kg6 33. f3 Bc2 34. Rc1 Bf5 35. Bc3 Ne8 36. Bxf5+ Kxf5 37. Bxa5 Nd6 38. Bd2 h5 39. Rc5+ Ke6 40. Rxh5 Nc4 41. Bc3 Kd6 42. g4 Ne3 43. Rh6+ Kd5 44. Rxa6 Kc4 45. h4 b4 46. Ra4 Kd3 47. Rxb4 Nd1 48. h5 Ke2 49. h6 Nf2 50. h7 Nh3+ 51. Kg2 Ng5 52. Kg3 Nxf3 53. h8=Q 1-0


[Site "https://www.chess.com"]

[Event "Titled Tuesday Blitz January 03 Early 2023"]
[White "Leschinsky, Gary"]
[Black "Borrmann, Laurenz"]
[WhiteFideId "30951321"]
[BlackFideId "312187930"]
[WhiteElo "1969"]
[BlackElo "2304"]
[Result "1-0"]
[Round "06"]
[TimeControl "180+2"]
[Date "2023.01.03"]
[WhiteClock "0:01:17"]
[BlackClock "0:00:01"]

1. d4 Nf6 2. c4 g6 3. Nc3 Bg7 4. e4 d6 5. h3 e5 6. d5 Nbd7 7. Be3 Nc5 8. Bd3 Nh5 9. Nf3 O-O 10. g3 f5 11. exf5 Nxd3+ 12. Qxd3 gxf5 13. Nh4 f4 14. Bd2 fxg3 15. fxg3 Bf6 16. O-O-O Bxh4 17. gxh4 Qxh4 18. Rdg1+ Kh8 19. Bg5 Qd4 20. Qxd4 exd4 21. Nb5 Bf5 22. Nxc7 Rac8 23. Ne6 Rxc4+ 24. Kd1 Re8 25. Bd2 Bxe6 26. dxe6 Rxe6 27. Rg5 Nf6 28. Rf5 Rc8 29. Rhf1 Ne4 30. Bf4 d5 31. Rxd5 Nf6 32. Be5 Kg7 33. Rd7+ Kg6 34. Bxf6 Rxf6 35. Rxf6+ Kxf6 36. Rxb7 Kg6 37. Rxa7 Rf8 38. Rd7 Rf2 39. Kc1 1-0


[Site "https://www.chess.com"]

[Event "Titled Tuesday Blitz January 03 Early 2023"]
[White "Erzhanov, Arman"]
[Black "Lacasa Diaz, Jose Antonio"]
[WhiteFideId "4138821"]
[BlackFideId "2203375"]
[WhiteElo "2228"]
[BlackElo "2359"]
[Result "1-0"]
[Round "06"]
[TimeControl "180+2"]
[Date "2023.01.03"]
[WhiteClock "0:01:11"]
[BlackClock "0:00:20"]

1. e4 c5 2. Nf3 d6 3. Bb5+ Bd7 4. Bxd7+ Qxd7 5. O-O Nc6 6. d4 cxd4 7. Nxd4 Nf6 8. Re1 g6 9. c4 Bg7 10. Nc3 O-O 11. Nde2 Rfc8 12. f3 a6 13. Be3 Rab8 14. Rc1 b5 15. cxb5 axb5 16. b3 b4 17. Nd5 Nxd5 18. Qxd5 e6 19. Qd2 Ra8 20. Red1 Qb7 21. Rc2 Be5 22. Rdc1 h5 23. Bf4 Bxf4 24. Qxf4 Ne5 25. Qd2 Rxc2 26. Rxc2 Qb6+ 27. Qd4 Qxd4+ 28. Nxd4 Ra5 29. Kf2 Rc5 30. Ke2 Rxc2+ 31. Nxc2 Nc6 32. Kd3 h4 33. Kc4 h3 34. gxh3 Ne5+ 35. Kxb4 Nxf3 36. a4 Kf8 37. a5 Ke8 38. a6 Ne5 39. Kb5 1-0


[Site "https://www.chess.com"]

[Event "Titled Tuesday Blitz January 03 Early 2023"]
[White "Md, Imran"]
[Black "Garv Gaur"]
[WhiteFideId "25748580"]
[BlackFideId "45030839"]
[WhiteElo "2284"]
[BlackElo "2006"]
[Result "1-0"]
[Round "06"]
[TimeControl "180+2"]
[Date "2023.01.03"]
[WhiteClock "0:00:28"]
[BlackClock "0:00:05"]

1. e4 c6 2. d4 d5 3. e5 Bf5 4. Nc3 e6 5. h4 h6 6. g4 Bh7 7. Nh3 Nd7 8. f4 c5 9. Be3 Qb6 10. Qd2 cxd4 11. Bxd4 Bc5 12. Na4 Qc6 13. Nxc5 Nxc5 14. Nf2 a6 15. Bd3 Nxd3+ 16. cxd3 Ne7 17. Rc1 Qd7 18. h5 Nc6 19. Bc5 d4 20. O-O f6 21. Bd6 Kf7 22. b4 Rhc8 23. a4 Ne7 24. Qb2 Qxa4 25. Qxd4 Nc6 26. Qb6 Qb5 27. Qe3 fxe5 28. fxe5 Kg8 29. g5 Nxb4 30. g6 Bxg6 31. hxg6 Nd5 32. Qf3 Qd7 33. Ne4 Qd8 34. Qf7+ Kh8 35. Nf6 Rxc1 36. Rxc1 Qb6+ 37. Bc5 Qb2 38. Rf1 Qxe5 39. Ne4 Nf6 40. Rxf6 Qb8 41. Bf8 1-0


[Site "https://www.chess.com"]

[Event "Titled Tuesday Blitz January 03 Early 2023"]
[White "Chernov, Mikhail"]
[Black "Rangel, Daniel"]
[WhiteFideId "24143170"]
[BlackFideId "2124475"]
[WhiteElo "2205"]
[BlackElo "2207"]
[Result "1/2-1/2"]
[Round "06"]
[TimeControl "180+2"]
[Date "2023.01.03"]
[WhiteClock "0:00:03"]
[BlackClock "0:00:04"]

1. d4 Nf6 2. Nc3 c5 3. d5 d6 4. e4 e6 5. Nf3 exd5 6. exd5 g6 7. Bb5+ Bd7 8. O-O Bg7 9. Re1+ Kf8 10. Bf4 Ne8 11. Qd2 h6 12. a4 a6 13. Be2 Kg8 14. h3 Kh7 15. Bd3 Rf8 16. Re2 f5 17. Rae1 g5 18. Bg3 Kg8 19. h4 f4 20. hxg5 hxg5 21. Bh2 Bg4 22. Re7 Bxf3 23. gxf3 Nd7 24. R7e6 Ne5 25. Be4 Nf6 26. Kh1 Re8 27. Qe2 Qd7 28. Bf5 Qf7 29. Rxe8+ Rxe8 30. Be6 Rxe6 31. dxe6 Qxe6 32. Ne4 Qf5 33. Nxd6 Qh3 34. Qxe5 Qxf3+ 35. Kg1 Qg4+ 36. Kh1 Qf3+ 37. Kg1 Qg4+ 38. Bg3 fxg3 39. Qxg3 Qd4 40. Nf5 Qd2 41. Qe3 Qxc2 42. Nxg7 Kxg7 43. Qxg5+ Kf7 44. Rc1 Qxb2 45. Rxc5 Qb1+ 46. Kh2 Qh7+ 47. Kg2 Qe4+ 48. f3 Qe2+ 49. Kg3 Qe1+ 50. Kh3 Qh1+ 51. Kg3 Qg1+ 52. Kf4 Qd4+ 53. Kg3 Qg1+ 54. Kh3 Qh1+ 55. Kg3 Qg1+ 1/2-1/2


[Site "https://www.chess.com"]

[Event "Titled Tuesday Blitz January 03 Early 2023"]
[White "Mica, Marek"]
[Black "Dwilewicz, Katarzyna"]
[WhiteFideId "382884"]
[BlackFideId "1148486"]
[WhiteElo "2256"]
[BlackElo "2115"]
[Result "1/2-1/2"]
[Round "06"]
[TimeControl "180+2"]
[Date "2023.01.03"]
[WhiteClock "0:00:09"]
[BlackClock "0:00:09"]

1. Nf3 c5 2. c4 Nf6 3. g3 b6 4. Bg2 Bb7 5. O-O g6 6. Nc3 Bg7 7. b3 O-O 8. Bb2 Na6 9. d4 cxd4 10. Qxd4 Nc5 11. Nd5 Ne6 12. Qd2 Nxd5 13. Bxg7 Nxg7 14. cxd5 d6 15. Nd4 Rc8 16. Nc6 Bxc6 17. dxc6 Ne6 18. b4 Nc7 19. Rfc1 e6 20. e4 a6 21. a4 b5 22. axb5 axb5 23. Rd1 d5 24. exd5 Nxd5 25. Rac1 Qd6 26. Bxd5 exd5 27. Qxd5 Qxb4 28. c7 Rfe8 29. Qd7 Kg7 30. Rb1 Qe7 31. Rbc1 b4 32. Qd4+ Kg8 33. Qb6 h5 34. Rc4 Kh7 35. Rdc1 Qd7 36. Qxb4 Re2 37. Qc3 Qf5 38. Rf1 Re7 39. Rc5 Qe6 40. Rc1 Qd6 41. Qc4 Kg7 42. Qc3+ Kh7 43. Rc6 Qd7 44. Qc4 Kg7 45. Qc5 Kh7 46. Rd6 Qxc7 47. Rc6 Qxc6 48. Qxc6 Re1+ 49. Rxe1 Rxc6 50. Kg2 Kg7 51. h4 Rc2 52. Re3 Kf6 53. Ra3 Rc6 54. Ra5 Ke6 55. Kf3 Rc3+ 56. Ke4 Rc4+ 57. Ke3 Rc6 58. f3 Rc3+ 59. Kf4 Rc4+ 60. Ke3 Rc3+ 61. Kf2 Rb3 62. Kg2 Kf6 63. g4 hxg4 64. fxg4 Kg7 65. Rc5 Kh6 66. Rc7 Kg7 67. Kh2 Rd3 68. Kg2 Re3 69. Rd7 Rb3 70. Rd5 Rc3 71. Rd4 Rb3 72. Rf4 Rc3 73. Rf3 Rc4 74. Kg3 Ra4 75. Rb3 Rc4 76. Kh3 Rd4 77. Kg3 Rc4 78. Rb7 Rd4 79. Re7 Rc4 80. Kf3 Kf6 81. Re4 Rc3+ 82. Kf4 Kg7 83. Ra4 Rc5 84. Rb4 Ra5 85. Rc4 Rb5 86. Re4 Ra5 87. Re5 Ra4+ 88. Re4 Ra5 89. Rd4 Rb5 90. g5 Rf5+ 91. Kg4 Ra5 92. Rf4 Rb5 93. Re4 Ra5 94. h5 gxh5+ 95. Kxh5 Rb5 96. Re7 Ra5 97. Rb7 Rc5 98. Rb6 Ra5 99. Kg4 Rc5 100. Rb7 Ra5 101. Re7 Rc5 102. Kf4 Ra5 103. Re5 Ra4+ 104. Kf5 Ra6 105. Rc5 Rb6 106. Rc7 Ra6 107. Ke5 Ra5+ 108. Kf4 Kg6 109. Rc6+ Kg7 110. Kg4 Rb5 111. Kh5 Ra5 112. Rd6 Rb5 113. Rc6 Ra5 114. Rd6 Rb5 115. Rc6 1/2-1/2


[Site "https://www.chess.com"]

[Event "Titled Tuesday Blitz January 03 Early 2023"]
[White "Prudnykova, Olga"]
[Black "Fiorito, Joaquin"]
[WhiteFideId "14121093"]
[BlackFideId "180173"]
[WhiteElo "2268"]
[BlackElo "2405"]
[Result "0-1"]
[Round "06"]
[TimeControl "180+2"]
[Date "2023.01.03"]
[WhiteClock "0:00:02"]
[BlackClock "0:00:10"]

1. e4 c6 2. d4 d5 3. exd5 cxd5 4. c4 Nf6 5. Nc3 Nc6 6. Nf3 a6 7. cxd5 Nxd5 8. Bd3 Bg4 9. O-O e6 10. Be4 Nxc3 11. bxc3 Be7 12. Qd3 Bxf3 13. Qxf3 Rc8 14. Qh5 g6 15. Qh6 Bf6 16. Re1 Ne7 17. Bd2 Qd7 18. Re3 Qb5 19. Rf3 Nf5 20. Bxf5 exf5 21. Re1+ Kd7 22. Bg5 Rhe8 23. Rfe3 Rxe3 24. Bxe3 Qd5 25. h3 Re8 26. Qf4 g5 27. Qf3 Qxf3 28. gxf3 f4 29. Bd2 Rxe1+ 30. Bxe1 b5 31. Kf1 Kc6 32. Ke2 Kd5 33. Kd3 Be7 34. Bd2 f5 35. Bc1 Bd6 36. Bd2 h5 37. Be1 g4 38. fxg4 fxg4 39. hxg4 hxg4 40. Bd2 a5 41. Bc1 a4 42. Bd2 g3 43. fxg3 fxg3 44. Be3 g2 45. Bg1 Bf4 46. Kc2 Kc4 47. Kb2 Bd2 48. Kc2 Bxc3 49. d5 Be5 50. Bf2 Kxd5 51. Bg1 Bd4 52. Bh2 g1=Q 53. Bxg1 Bxg1 54. Kd3 Bd4 55. Kc2 Kc4 0-1


[Site "https://www.chess.com"]

[Event "Titled Tuesday Blitz January 03 Early 2023"]
[White "Zaichenko, Daria"]
[Black "Tran, Thanh Tu"]
[WhiteFideId "4197453"]
[BlackFideId "12401404"]
[WhiteElo "2104"]
[BlackElo "2412"]
[Result "0-1"]
[Round "06"]
[TimeControl "180+2"]
[Date "2023.01.03"]
[WhiteClock "0:00:02"]
[BlackClock "0:00:21"]

1. e4 Nc6 2. d4 d6 3. f4 Nf6 4. Nc3 e5 5. d5 Ne7 6. Nf3 exf4 7. Bxf4 Ng6 8. Be3 Ng4 9. Bd4 N4e5 10. Be2 Be7 11. Qd2 Nxf3+ 12. Bxf3 Bg5 13. Qf2 O-O 14. O-O Ne5 15. Bxe5 dxe5 16. Be2 a6 17. Bc4 Qd6 18. Kh1 Bd7 19. Ne2 g6 20. Bd3 b5 21. Rad1 Kg7 22. c4 bxc4 23. Bxc4 h5 24. Qg3 f6 25. h4 Bh6 26. Nc3 Bf4 27. Qf2 Rab8 28. b3 a5 29. Ne2 Bh6 30. Ng3 a4 31. Rb1 axb3 32. Rxb3 Ra8 33. Rf3 Ra4 34. Bb3 Rd4 35. Ne2 Rxe4 36. Bc2 Rg4 37. g3 e4 38. Rf4 Bxf4 39. Nxf4 f5 40. Qd4+ Kh7 41. Rb1 Rxg3 0-1


[Site "https://www.chess.com"]

[Event "Titled Tuesday Blitz January 03 Early 2023"]
[White "Andreev, Eduard"]
[Black "Zaksaite, Salomeja"]
[WhiteFideId "14103400"]
[BlackFideId "12801496"]
[WhiteElo "2413"]
[BlackElo "2283"]
[Result "1-0"]
[Round "06"]
[TimeControl "180+2"]
[Date "2023.01.03"]
[WhiteClock "0:01:41"]
[BlackClock "0:00:48"]

1. Nf3 Nf6 2. g3 g6 3. Bg2 Bg7 4. O-O d5 5. d4 O-O 6. c4 dxc4 7. Qc2 Nc6 8. Qxc4 Be6 9. Qa4 Ne8 10. Rd1 Bd7 11. Qa3 Nd6 12. Nc3 b5 13. Qc5 b4 14. Nd5 Rb8 15. Qc2 Rb5 16. e4 Nxe4 17. Qxe4 Bf5 18. Nf6+ Bxf6 19. Qxc6 Rb6 20. Qc4 1-0


[Site "https://www.chess.com"]

[Event "Titled Tuesday Blitz January 03 Early 2023"]
[White "Vifleemskaia, Svetlana"]
[Black "Fisher_TheGalactic"]
[WhiteFideId "4129490"]
[WhiteElo "1971"]
[BlackElo "2521"]
[Result "0-1"]
[Round "06"]
[TimeControl "180+2"]
[Date "2023.01.03"]
[WhiteClock "0:00:04"]
[BlackClock "0:00:54"]

1. d4 b6 2. c4 Bb7 3. Nc3 e6 4. a3 Nf6 5. d5 exd5 6. cxd5 Be7 7. e4 d6 8. Nge2 O-O 9. Nd4 Re8 10. Bd3 Nbd7 11. O-O Bf8 12. b4 a5 13. Bb2 Ne5 14. Bb5 Ned7 15. Re1 g6 16. h3 Bg7 17. Nc6 Bxc6 18. Bxc6 Rb8 19. Rc1 Nxe4 20. Nxe4 Bxb2 21. Rc2 Bg7 22. Qc1 f5 23. Ng5 Rxe1+ 24. Qxe1 Qxg5 25. Bxd7 Qd8 26. Qe6+ Kh8 27. Re2 axb4 28. axb4 Ra8 29. Bc6 Ra1+ 30. Kh2 Qf8 31. Qd7 Be5+ 32. g3 f4 33. Rxe5 fxg3+ 34. Kxg3 Rg1+ 35. Kh4 Qh6+ 36. Rh5 Qxh5# 0-1


[Site "https://www.chess.com"]

[Event "Titled Tuesday Blitz January 03 Early 2023"]
[White "Baches Garcia, Guillermo"]
[Black "Kaminski, Victor"]
[WhiteFideId "2209764"]
[BlackFideId "1131630"]
[WhiteElo "2327"]
[BlackElo "2247"]
[Result "1/2-1/2"]
[Round "06"]
[TimeControl "180+2"]
[Date "2023.01.03"]
[WhiteClock "0:02:08"]
[BlackClock "0:02:30"]

1. e4 e5 2. Nf3 Nc6 3. Nc3 Nf6 4. d4 exd4 5. Nxd4 Nxe4 6. Nxe4 Qe7 7. Bd3 Nxd4 8. O-O d5 9. Ng5 c6 10. Re1 Ne6 11. Qh5 g6 12. Qf3 Bg7 13. c4 1/2-1/2


[Site "https://www.chess.com"]

[Event "Titled Tuesday Blitz January 03 Early 2023"]
[White "Viskelis, Darius"]
[Black "Carlstedt, Jonathan"]
[WhiteFideId "12800830"]
[BlackFideId "24614386"]
[WhiteElo "2166"]
[BlackElo "2441"]
[Result "1-0"]
[Round "06"]
[TimeControl "180+2"]
[Date "2023.01.03"]
[WhiteClock "0:00:05"]
[BlackClock "0:00:31"]

1. e4 c5 2. Nf3 Nc6 3. Bb5 d6 4. O-O e5 5. c3 f5 6. d4 fxe4 7. Ng5 Be7 8. Nxe4 cxd4 9. cxd4 d5 10. Qh5+ Kf8 11. Bxc6 bxc6 12. Qf3+ Ke8 13. Qh5+ Kd7 14. Qf5+ Kc7 15. Qxe5+ Kb7 16. Nc5+ Bxc5 17. Qxg7+ Be7 18. Qxh8 Bf5 19. Qe5 Qd7 20. Nc3 Bd6 21. Qe2 Nf6 22. Be3 Rg8 23. Rfe1 Bg4 24. f3 Bh3 25. g3 Bxg3 26. hxg3 Rxg3+ 27. Kh2 Qd6 28. f4 Rxe3 29. Qxe3 Ng4+ 30. Kxh3 Nxe3 31. Rxe3 Qxf4 32. Rae1 Qxd4 33. Re7+ Ka6 34. R1e3 Qf6 35. R7e6 Qf5+ 36. Kg3 Qg5+ 37. Kf2 Kb6 38. b3 d4 39. Na4+ Kb7 40. R3e5 Qf4+ 41. Ke2 h5 42. Kd3 h4 43. Re7+ Ka6 44. Nc5+ Kb6 45. Rb7+ Ka5 46. b4# 1-0


[Site "https://www.chess.com"]

[Event "Titled Tuesday Blitz January 03 Early 2023"]
[White "Slovineanu"]
[Black "Gheorghiu, Calin"]
[BlackFideId "1200305"]
[WhiteElo "2294"]
[BlackElo "2313"]
[Result "0-1"]
[Round "06"]
[TimeControl "180+2"]
[Date "2023.01.03"]
[WhiteClock "0:00:05"]
[BlackClock "0:00:04"]

1. e4 c6 2. d4 g6 3. f4 d5 4. e5 h5 5. c3 Nh6 6. Be3 Bg4 7. Nf3 e6 8. Bf2 Nf5 9. h3 Bxf3 10. Qxf3 h4 11. Bd3 Be7 12. Nd2 Nd7 13. Nf1 c5 14. Ne3 cxd4 15. Nxf5 gxf5 16. Bxd4 Bc5 17. Bxc5 Nxc5 18. Bb5+ Kf8 19. O-O-O Qb6 20. Bd3 Rg8 21. Qh5 Rxg2 22. Bc2 Ke7 23. Qxh4+ Kd7 24. Qf6 Rag8 25. Qxf7+ Kc8 26. Rd2 R2g7 27. Qh5 Rg3 28. Qf7 a6 29. h4 Kb8 30. h5 R3g7 31. Qf6 Rg1+ 32. Rxg1 Rxg1+ 33. Rd1 Rg2 34. h6 Ka7 35. h7 Na4 36. b3 Qe3+ 37. Kb1 Qxc3 0-1


[Site "https://www.chess.com"]

[Event "Titled Tuesday Blitz January 03 Early 2023"]
[White "Ankerst, Mihael"]
[Black "Ibadov, Dashgyn"]
[WhiteFideId "14602369"]
[BlackFideId "24107514"]
[WhiteElo "2370"]
[BlackElo "2391"]
[Result "1-0"]
[Round "06"]
[TimeControl "180+2"]
[Date "2023.01.03"]
[WhiteClock "0:01:56"]
[BlackClock "0:00:04"]

1. e4 e5 2. Nf3 Nc6 3. Nc3 Nf6 4. d4 exd4 5. Nxd4 Bb4 6. Nxc6 bxc6 7. Bd3 d5 8. exd5 cxd5 9. O-O O-O 10. Bg5 c6 11. Ne2 h6 12. Bh4 Be7 13. Nd4 Bd7 14. Qf3 c5 15. Nf5 c4 16. Nxe7+ Qxe7 17. Rfe1 Qd6 18. Bxf6 Qxf6 19. Qxf6 gxf6 20. Bf1 Bf5 21. c3 Rab8 22. Re2 Rb5 23. Rd2 Rfb8 24. b4 a5 25. a4 R5b7 26. Rxd5 Be6 27. Rxa5 Rd7 28. Rc5 Rbd8 29. f3 Rd2 30. Bxc4 Rc2 31. Bf1 Rdd2 32. a5 Kf8 33. a6 Ra2 34. Rxa2 Rxa2 35. b5 1-0


[Site "https://www.chess.com"]

[Event "Titled Tuesday Blitz January 03 Early 2023"]
[White "Makhmudov, Shukhrat"]
[Black "Kopczynski, Michal"]
[WhiteFideId "14200775"]
[BlackFideId "1124200"]
[WhiteElo "2115"]
[BlackElo "2225"]
[Result "0-1"]
[Round "06"]
[TimeControl "180+2"]
[Date "2023.01.03"]
[WhiteClock "0:00:16"]
[BlackClock "0:01:51"]

1. e4 b6 2. d4 Bb7 3. Nc3 e6 4. Nf3 Nf6 5. Bd3 d5 6. e5 Nfd7 7. Ne2 c5 8. c3 Nc6 9. O-O Qc7 10. a3 O-O-O 11. b4 c4 12. Bc2 h6 13. a4 f5 14. a5 b5 15. a6 Ba8 16. Nf4 Re8 17. Ng6 Rg8 18. Nfh4 Ne7 19. Qh5 Nxg6 20. Nxg6 Be7 21. Ra5 Bc6 22. h4 Bd8 23. f4 Nf8 24. Nxf8 Rexf8 25. Qg6 Qe7 26. Bd1 Be8 27. Qg3 Bxa5 28. bxa5 g5 29. fxg5 hxg5 30. Bxg5 Qa3 31. Qe3 Rf7 32. Bf6 b4 33. Qh6 bxc3 34. Bg5 Bd7 35. Bh5 Rff8 36. Rb1 c2 37. Rb7 Rxg5 38. hxg5 c1=Q+ 39. Kh2 Qf4+ 40. g3 0-1


[Site "https://www.chess.com"]

[Event "Titled Tuesday Blitz January 03 Early 2023"]
[White "Zhuravlev, Alexey"]
[Black "Barbot, Pierre"]
[WhiteFideId "4164199"]
[BlackFideId "663727"]
[WhiteElo "2359"]
[BlackElo "2458"]
[Result "1-0"]
[Round "06"]
[TimeControl "180+2"]
[Date "2023.01.03"]
[WhiteClock "0:02:05"]
[BlackClock "0:00:11"]

1. e4 c5 2. Nc3 Nc6 3. f4 g6 4. Nf3 Bg7 5. Bc4 e6 6. f5 exf5 7. d3 Nge7 8. O-O O-O 9. Qe1 d6 10. Bg5 h6 11. Qh4 Kh7 12. Nd5 f6 13. Nxf6+ Rxf6 14. Bxf6 Bxf6 15. Qxf6 Bd7 16. Qxd6 b6 17. Nh4 Nd4 18. c3 Ne2+ 19. Kh1 f4 20. d4 Rc8 21. Bxe2 Rc6 22. Qxf4 1-0


[Site "https://www.chess.com"]

[Event "Titled Tuesday Blitz January 03 Early 2023"]
[White "Bommini, Mounika Akshaya"]
[Black "Krienke, Makaio"]
[WhiteFideId "25019872"]
[BlackFideId "2038854"]
[WhiteElo "2118"]
[BlackElo "2115"]
[Result "0-1"]
[Round "06"]
[TimeControl "180+2"]
[Date "2023.01.03"]
[WhiteClock "0:02:12"]
[BlackClock "0:02:12"]

1. d4 Nf6 2. c4 e6 3. Nc3 d5 4. cxd5 exd5 5. Bg5 Be7 6. e3 h6 7. Bd3 hxg5 8. Nf3 g4 9. Ne5 c6 10. f3 g3 11. h3 Nbd7 12. f4 Qa5 13. Qf3 Ne4 14. Bxe4 dxe4 15. Qg4 Nxe5 16. Qxg7 Ng6 0-1


[Site "https://www.chess.com"]

[Event "Titled Tuesday Blitz January 03 Early 2023"]
[White "Coelho, Ramyres Santana"]
[Black "Namitbir Singh Walia"]
[WhiteFideId "2120690"]
[BlackFideId "35071068"]
[WhiteElo "1981"]
[BlackElo "2364"]
[Result "1-0"]
[Round "06"]
[TimeControl "180+2"]
[Date "2023.01.03"]
[WhiteClock "0:00:36"]
[BlackClock "0:00:14"]

1. e4 c5 2. Nf3 Nc6 3. d4 cxd4 4. c3 d5 5. e5 dxc3 6. Nxc3 Bg4 7. Qxd5 Qxd5 8. Nxd5 O-O-O 9. Ne3 Bxf3 10. gxf3 Nxe5 11. Be2 e6 12. O-O Nf6 13. b3 Nd3 14. Bxd3 Rxd3 15. Bb2 Be7 16. Rac1+ Kb8 17. Be5+ Ka8 18. Rc7 Nd7 19. Rfc1 a6 20. Nc4 Bc5 21. Kf1 f6 22. Ke2 Rd5 23. Bg3 Rd8 24. b4 Bxb4 25. Rb1 Rb5 26. a4 Rd5 27. Rxb4 Nc5 28. Nb6+ Ka7 29. Nxd5 Rxd5 30. Rxg7 a5 31. Rb5 Ka6 32. Bc7 Nxa4 33. Rxd5 exd5 34. Rg8 Nc3+ 35. Kd3 Nb5 36. Ra8+ Na7 37. Bb8 b5 38. Rxa7+ Kb6 39. Rxh7 b4 40. Bc7+ Kb5 41. Bxa5 Kxa5 42. Rb7 Ka4 43. Kd4 Kb3 44. Kxd5 Kc3 45. Ke6 b3 46. Kxf6 b2 47. Rxb2 Kxb2 48. h4 Kc2 49. h5 Kd3 50. h6 Ke2 51. h7 Kf1 52. h8=Q Kg2 53. f4 Kf1 54. f5 Ke2 55. Kg7 Kf3 56. f6 Kg2 57. f7 Kf3 58. f8=Q+ Kg4 59. Qc8+ Kg5 60. Qh6# 1-0


[Site "https://www.chess.com"]

[Event "Titled Tuesday Blitz January 03 Early 2023"]
[White "Corredor Castellanos, Camilo"]
[Black "reevecanada"]
[WhiteFideId "4425871"]
[WhiteElo "1957"]
[BlackElo "2477"]
[Result "0-1"]
[Round "06"]
[TimeControl "180+2"]
[Date "2023.01.03"]
[WhiteClock "0:00:40"]
[BlackClock "0:01:29"]

1. e4 c5 2. Nf3 d6 3. d4 cxd4 4. Nxd4 Nf6 5. Nc3 a6 6. h4 e5 7. Nb3 Be7 8. Bg5 Be6 9. Qd2 Nbd7 10. O-O-O h6 11. Bxf6 Nxf6 12. f3 b5 13. Nd5 Nxd5 14. exd5 Bf5 15. Bd3 Bxh4 16. Rxh4 Bxd3 17. Rg4 Bg6 18. f4 Rc8 19. Rxg6 fxg6 20. fxe5 Qg5 21. e6 Qxd2+ 22. Rxd2 Ke7 23. Nd4 Rhf8 24. b3 Rc5 25. Nc6+ Rxc6 26. dxc6 Rc8 27. Rf2 Kxe6 28. Re2+ Kf7 29. Rf2+ Kg8 30. Kd2 Rxc6 31. c3 Rc5 32. Kd3 Rd5+ 33. Ke4 Re5+ 34. Kd4 g5 35. Rc2 Kf7 36. Rb2 Rf5 37. g3 h5 38. a4 h4 39. axb5 axb5 40. gxh4 gxh4 41. Rh2 g5 42. Ke4 Ke6 43. c4 Rf4+ 44. Kd3 bxc4+ 45. bxc4 d5 46. cxd5+ Kxd5 47. Ke3 Ke5 48. Ra2 Kf5 49. Rg2 g4 50. Ra2 Rf3+ 51. Ke2 Kf4 52. Ke1 Kg3 0-1


[Site "https://www.chess.com"]

[Event "Titled Tuesday Blitz January 03 Early 2023"]
[White "Jovic, Stanoje"]
[Black "Sailer, Mike"]
[WhiteFideId "905020"]
[BlackFideId "2012901"]
[WhiteElo "2075"]
[BlackElo "2109"]
[Result "1-0"]
[Round "06"]
[TimeControl "180+2"]
[Date "2023.01.03"]
[WhiteClock "0:01:11"]
[BlackClock "0:00:03"]

1. c4 c6 2. e4 d5 3. exd5 cxd5 4. cxd5 Nf6 5. Qa4+ Nbd7 6. Nc3 g6 7. Bc4 Bg7 8. d3 O-O 9. Nf3 Nb6 10. Qb3 Bf5 11. O-O Nfd7 12. Be3 Rc8 13. Rfe1 Nc5 14. Bxc5 Rxc5 15. Qa3 Nxc4 16. dxc4 Rxc4 17. Qxa7 Bxc3 18. bxc3 Rxc3 19. Qxb7 Re8 20. Ne5 Qd6 21. Nc6 e6 22. Rad1 e5 23. h3 h5 24. a4 e4 25. Qb2 Ra3 26. a5 e3 27. fxe3 Raxe3 28. Rxe3 Rxe3 29. Qf2 Ra3 30. Re1 Kg7 31. Ne7 Rxa5 32. Qxf5 gxf5 33. Nxf5+ Kf6 34. Nxd6 Rxd5 35. Ne4+ Kf5 36. Ng3+ Kg5 37. Re4 f5 38. h4+ Kf6 39. Ra4 Ke5 40. Nxh5 f4 41. Nxf4 Rd1+ 42. Kh2 Rf1 43. Kg3 Rb1 44. Kg4 1-0


[Site "https://www.chess.com"]

[Event "Titled Tuesday Blitz January 03 Early 2023"]
[White "Gutierrez Anaya, Yeison Joel"]
[Black "Moreno Perez, Tobias Sebastian"]
[WhiteFideId "3903273"]
[BlackFideId "186716"]
[WhiteElo "2125"]
[BlackElo "2256"]
[Result "1-0"]
[Round "06"]
[TimeControl "180+2"]
[Date "2023.01.03"]
[WhiteClock "0:00:10"]
[BlackClock "0:00:05"]

1. d4 d5 2. Nf3 Nf6 3. g3 Bf5 4. Bg2 e6 5. O-O h6 6. c4 c6 7. Nc3 Nbd7 8. cxd5 exd5 9. a3 Be7 10. b4 a6 11. Qb3 O-O 12. Na4 Ne4 13. Nc5 b5 14. Nxe4 Bxe4 15. Bf4 a5 16. Rfc1 Ra6 17. Qc3 Qa8 18. Bc7 axb4 19. axb4 Rc8 20. Rxa6 Qxa6 21. Ba5 Bf6 22. e3 Be7 23. h4 h5 24. Kh2 g6 25. Bh3 f5 26. Nd2 c5 27. bxc5 b4 28. Bxb4 Qe2 29. Kg1 f4 30. Bf1 Qg4 31. exf4 Bxh4 32. Nxe4 dxe4 33. Bc4+ Kg7 34. d5+ Bf6 35. Qe3 h4 36. c6 h3 37. Kh2 Qf3 38. Qxf3 exf3 39. cxd7 Rd8 40. Bb5 Bd4 41. Ba5 Bb6 42. Bxb6 Rxd7 43. Bxd7 1-0


[Site "https://www.chess.com"]

[Event "Titled Tuesday Blitz January 03 Early 2023"]
[White "Redzisz, Michal"]
[Black "Aung Thant Zin"]
[WhiteFideId "21816107"]
[BlackFideId "13000063"]
[WhiteElo "2269"]
[BlackElo "2268"]
[Result "1-0"]
[Round "06"]
[TimeControl "180+2"]
[Date "2023.01.03"]
[WhiteClock "0:00:57"]
[BlackClock "0:00:59"]

1. e4 c5 2. Nf3 Nc6 3. d4 cxd4 4. Nxd4 Nf6 5. Nc3 d6 6. Bg5 e6 7. f4 Be7 8. Qd2 h6 9. Bxf6 Bxf6 10. Nxc6 bxc6 11. O-O-O Rb8 12. Qxd6 Qb6 13. Na4 Bxb2+ 14. Kb1 Ba3+ 15. Nxb6 Rb7 16. Qxa3 Rxb6+ 17. Kc1 1-0


[Site "https://www.chess.com"]